 Dungeon Crawl Stone Soup version 0.29-a0-337-g68df138881 (webtiles) character file.

Game seed: 10455094445275198329

7628 zishaf the Schismatic (level 10, -2/83 (90) HPs)
             Began as a Palentonga Abyssal Knight on Apr 16, 2022.
             Was an Elder of Lugonu.
             Slain by a soul eater (18 damage)
             ... in a Gauntlet.
             The game lasted 00:19:31 (13059 turns).

zishaf the Schismatic (Palentonga Abyssal Knight)  Turns: 13059, Time: 00:19:32

HP:   -2/83 (90)    AC: 18    Str: 22    XL:     10   Next: 98%
MP:   17/17         EV:  9    Int: 10    God:    Lugonu [****..]
Gold: 323           SH:  0    Dex: 10    Spells: 9/9 levels left

rFire   . . .      SeeInvis +   a - +3 morningstar (drain)
rCold   + . .      Faith    .   (no shield)
rNeg    . . .      Spirit   .   q - +1 acid dragon scales
rPois   .          Reflect  .   (helmet restricted)
rElec   .          Harm     .   B - +0 cloak
rCorr   +          Rampage  .   H - +0 pair of gloves
Will    .....      NoTele   +   (no barding)
Stlth   +.........              (no amulet)
HPRegen 0.23/turn               m - ring of protection from cold
MPRegen 0.15/turn               A - +4 ring of slaying

@: mighty, studying Stealth, drained, curled up
A: large, rugged brown scales 3, see invisible, deformed body, roll 1, armoured
tail, reflexive curl, beak, screaming 1, evolution 1
a: Rolling Charge, Renounce Religion, Depart the Abyss, Bend Space, Banish,
Corrupt


You were in a Gauntlet.
You worshipped Lugonu.
Lugonu was greatly pleased with you.
You visited 1 branch of the dungeon, and saw 11 of its levels.
You visited the Abyss 1 time.
You also visited: Gauntlet.

You collected 623 gold pieces.
You spent 300 gold pieces at shops.

Inventory:

Hand Weapons
 a - a +3 morningstar of draining (weapon)
 b - the +6 hunting sling of Yplukh {vorpal, rC+}
   (You found it on level 9 of the Dungeon)

   Any ammunition fired from it inflicts extra damage upon your enemies.
   rC:        It protects you from cold.
 g - the +8 hand axe of Ynotesh {drain, rF+ rC- Int+6 Stlth+}
   (You found it on level 6 of the Dungeon)

   A truly terrible weapon, it drains the life of any living foe it strikes.
   Int:       It affects your intelligence (+6).
   rF:        It protects you from fire.
   rC:        It makes you vulnerable to cold.
   Stlth:     It makes you more stealthy.
Missiles
 z - 27 poisoned darts
Armour
 q - +1 acid dragon scales (worn)
 B - a +0 cloak (worn)
 H - a +0 pair of gloves (worn)
Jewellery
 m - a ring of protection from cold (left hand)
 o - a +6 ring of strength
 A - a +4 ring of slaying (right hand)
Wands
 j - a wand of acid (5)
 l - a wand of flame (10)
 v - a wand of paralysis (11)
 C - a wand of digging (3)
 G - a wand of polymorph (1)
Scrolls
 i - a scroll of blinking {unknown}
 u - 8 scrolls of teleportation {unknown}
 x - a scroll of fear
Potions
 c - 2 potions of brilliance
 d - a potion of haste
 e - 2 potions of heal wounds
 f - 5 potions of attraction
 h - 7 potions of curing
 k - a potion of flight
 n - a potion of cancellation
 p - a potion of resistance
 t - a potion of ambrosia {unknown}
 D - 2 potions of might


   Skills:
 + Level 9.8 Fighting
 + Level 9.1 Maces & Flails
 + Level 5.5 Armour
 - Level 0.7 Dodging
 + Level 10.2 Invocations


You had 9 spell levels left.
You didn't know any spells.
Your spell library contained the following spells:

 Spells                   Type           Power      Damage    Failure   Level
 Blink                    Tloc           0%         N/A       56%         2
 Ignite Poison            Fire/Tmut/Pois 0%         N/A       80%         3
 Lesser Beckoning         Tloc           0%         N/A       80%         3
 Mephitic Cloud           Conj/Pois/Air  0%         N/A       80%         3
 Summon Ice Beast         Ice/Summ       0%         N/A       99%         4
 Freezing Cloud           Conj/Ice/Air   0%         6-21      100%        5
 Manifold Assault         Tloc           0%         N/A       100%        5
 Summon Mana Viper        Hex/Summ       0%         N/A       100%        5
 Monstrous Menagerie      Summ           0%         N/A       100%        7


Dungeon Overview and Level Annotations

Branches:
Dungeon (11/15)            Temple (0/1) D:5            Lair (0/6) D:11
    Orc (0/2) D:11        Gauntlet (1/1)

Altars:
Ru

Shops:
D:10 !

Annotations:
Gauntlet 11 transporters, exclusion: 2 lightning spires


Innate Abilities, Weirdness & Mutations

You are completely covered in rugged brown scales. (AC +3, +7% HP)
You have supernaturally acute eyesight. (SInv)
Armour fits poorly on your strangely shaped body.
You can roll at nearby foes to attack.
You have a long armoured tail.
You curl defensively after being hit. (AC +7*)
You have a beak for a mouth.
You occasionally shout uncontrollably at your foes.
You have hidden genetic potential.


Message History

The shadow imp hits the withered plant.
The soul eater hits you!
The shadow imp hits the withered plant.
You feel very mighty all of a sudden.
The shadow imp hits the withered plant.
The soul eater hits you!!
* * * LOW HITPOINT WARNING * * *
You feel drained.
* * * LOW HITPOINT WARNING * * *
The shadow imp hits the withered plant.
You feel much better. The soul eater hits you.
You feel drained.
The shadow imp hits the withered plant.
The shadow imp completely misses the withered plant.
You impale the soul eater!!
The soul eater is moderately wounded.
The withered plant crumbles away.
The shadow imp hits the withered plant.
The soul eater barely misses you.
You closely miss the soul eater.
The soul eater is moderately wounded.
The withered plant crumbles away.
The soul eater draws from the surrounding life force!
* * * LOW HITPOINT WARNING * * *
The soul eater is healed.
The shadow imp hits the withered plant.
The withered plant begins to crumble.
You bludgeon the soul eater!!
The soul eater is severely wounded.
The soul eater hits you.
* * * LOW HITPOINT WARNING * * *
You feel drained.
* * * LOW HITPOINT WARNING * * *
The shadow imp hits something.
The shadow imp hits the withered plant.
You sock the soul eater! Your peck misses the soul eater.
The soul eater is severely wounded.
The soul eater draws from the surrounding life force!
* * * LOW HITPOINT WARNING * * *
The soul eater is healed.
The shadow imp hits the withered plant.
The shadow imp hits something.
Unknown command.
You barely miss the soul eater. You peck the soul eater.
The soul eater is severely wounded.
The shadow imp hits something.
The soul eater hits you!!
You die...

#########...###########..#
....#..h#...#?#..#....#..###
.##..#.h#...#..#..#...#..#8#
.#..##..######..#..#..#..###
.##..#..#...#.#..#..#.#..#
8#.©##..#©.©#©.#.P#©.##©.#
.##..#..#...#.#.P#5.#.#..#8#
.#..##..######.P#35#..#..###
.##..#..#...#.P#@P#...#..#
8...#...#.8.#[#..#....#..#
#...###########..#8
.................##
................§#
################# #8 #8# 8#
8# # ### #


You could see a soul eater and 2 shadow imps.

Vanquished Creatures
  Maurice (D:8)
  Maggie (D:6)
  An unseen horror (D:10)
  A freezing wraith (D:9)
  4 trolls
  A yak (D:10)
  4 wyverns
  A steam dragon (D:10)
  A sky beast (D:6)
  3 black bears
  3 ogres
  3 orc warriors
  3 centaurs
  A phantom (D:6)
  3 kobold brigands
  3 bullfrogs
  2 necrophages (D:4)
  2 gnoll sergeants (D:10)
  3 scorpions
  5 wights (D:8)
  13 killer bees
  3 jellies
  3 hounds
  5 orc priests
  A gnoll shaman (D:6)
  4 iguanas
  Ijyb (D:4)
  10 orc wizards
  17 gnolls
  6 adders
  A shadow imp (Gauntlet)
  3 ufetubi
  A worm (D:5)
  7 dart slugs
  22 orcs
  4 bats
  7 endoplasms
  8 giant cockroaches
  8 goblins
  5 hobgoblins
  6 jackals
  14 kobolds
  2 quokkas
  4 ball pythons
  11 frilled lizards
  2 rats
214 creatures vanquished.

Vanquished Creatures (others)
  6 plants (D:1)
  9 withered plants (Gauntlet)
15 creatures vanquished.

Grand Total: 229 creatures vanquished

Notes
Turn   | Place    | Note
-------+----------+-------------------------------------------
     0 | Abyss:1  | zishaf the Palentonga Abyssal Knight began the quest for
                  | the Orb.
     0 | Abyss:1  | Reached XP level 1. HP: 19/19 MP: 2/2
    33 | D:1      | Escaped the Abyss
   270 | D:1      | Reached XP level 2. HP: 24/25 MP: 3/3
   664 | D:1      | Reached *** piety under Lugonu
   857 | D:2      | Reached XP level 3. HP: 23/31 MP: 3/5
  1103 | D:2      | Reached skill level 3 in Invocations
  1576 | D:2      | Reached XP level 4. HP: 27/39 MP: 6/6
  1735 | D:2      | Found a faded altar of an unknown god.
  2850 | D:4      | Reached XP level 5. HP: 22/44 MP: 7/7
  2943 | D:4      | Reached **** piety under Lugonu
  3022 | D:4      | Gained mutation: You are robust. (+10% HP) [potion of
                  | mutation]
  3022 | D:4      | Gained mutation: You sometimes lose the ability to read
                  | scrolls when taking damage. [potion of mutation]
  3218 | D:4      | Reached skill level 4 in Invocations
  3300 | D:4      | Reached XP level 6. HP: 37/56 MP: 9/9
  4112 | D:4      | Reached skill level 5 in Fighting
  4398 | D:4      | Reached skill level 5 in Invocations
  4583 | D:5      | Entered Level 5 of the Dungeon
  4596 | D:5      | Gained mutation: You curl defensively after being hit. (AC
                  | +7*) [Palentonga growth]
  4596 | D:5      | Reached XP level 7. HP: 49/65 MP: 10/10
  4788 | D:5      | Noticed Ijyb
  4804 | D:4      | Paralysed by Ijyb for 6 turns
  4811 | D:4      | Killed Ijyb
  4812 | D:4      | Reached skill level 5 in Maces & Flails
  5368 | D:5      | Reached skill level 6 in Invocations
  5702 | D:5      | Found a staircase to the Ecumenical Temple.
  5732 | D:5      | Reached XP level 8. HP: 74/74 MP: 12/12
  5961 | D:6      | Noticed a troll
  5963 | D:6      | Banished a troll
  6458 | D:6      | Reached skill level 7 in Invocations
  6568 | D:6      | Identified the +8 hand axe of Ynotesh {drain, rF+ rC- Int+6
                  | Stlth+}
  6813 | D:6      | Noticed Maggie
  6829 | D:6      | Killed Maggie
  6830 | D:6      | Reached XP level 9. HP: 20/84 MP: 14/14
  6835 | D:6      | HP: 4/85 [gnoll/+0 spear (1)]
  7504 | D:7      | Reached skill level 8 in Invocations
  7601 | D:7      | Identified the +0 robe "Daisarop" {rF+ Int+2 Dex-4 Stlth+}
  9450 | D:8      | Identified the +2 ring mail of Pandemonium {Harm Str+3
                  | Dex-3}
  9462 | D:8      | Noticed Maurice
  9468 | D:8      | Killed Maurice
  9469 | D:8      | Reached skill level 9 in Invocations
  9469 | D:8      | Reached XP level 10. HP: 86/95 MP: 16/16
 10915 | D:9      | Identified the +6 hunting sling of Yplukh {vorpal, rC+}
 11717 | D:10     | Entered Level 10 of the Dungeon
 11819 | D:10     | Reached skill level 5 in Armour
 11988 | D:10     | Found a sacrificial altar of Ru.
 11990 | D:10     | Noticed a two-headed ogre
 11996 | D:10     | Banished a two-headed ogre
 11997 | D:10     | Reached skill level 10 in Invocations
 12265 | D:10     | Found Raniaziw's Distillery.
 12273 | D:10     | Bought a potion of curing for 30 gold pieces
 12273 | D:10     | Bought a potion of haste for 100 gold pieces
 12273 | D:10     | Bought a potion of heal wounds for 50 gold pieces
 12273 | D:10     | Bought a potion of mutation for 80 gold pieces
 12273 | D:10     | Bought a potion of might for 40 gold pieces
 12273 | D:10     | Lost mutation: You sometimes lose the ability to read
                  | scrolls when taking damage. [potion of mutation]
 12273 | D:10     | Lost mutation: You are robust. (+10% HP) [potion of
                  | mutation]
 12273 | D:10     | Gained mutation: You have hidden genetic potential. [potion
                  | of mutation]
 12273 | D:10     | Gained mutation: You have a beak for a mouth. [potion of
                  | mutation]
 12273 | D:10     | Gained mutation: You occasionally shout uncontrollably at
                  | your foes. [potion of mutation]
 12908 | D:11     | Found a gate leading to a gauntlet.
 12932 | Gauntlet | Entered a Gauntlet
 12932 | Gauntlet | Noticed a sixfirhy
 12932 | Gauntlet | Found a transporter.
 12932 | Gauntlet | Found a transporter.
 12933 | Gauntlet | Found a transporter.
 12934 | Gauntlet | Noticed a soul eater
 12935 | Gauntlet | Found a transporter.
 12936 | Gauntlet | Found a transporter.
 12936 | Gauntlet | Found a transporter.
 12943 | Gauntlet | Noticed a wizard
 12947 | Gauntlet | Found a transporter.
 12950 | Gauntlet | Found a transporter.
 12950 | Gauntlet | Found a transporter.
 12951 | Gauntlet | Found a transporter.
 12955 | Gauntlet | Noticed a wizard
 12955 | Gauntlet | Noticed a wizard
 12957 | Gauntlet | Noticed a large abomination
 12960 | Gauntlet | Noticed a wizard
 12960 | Gauntlet | Found a transporter.
 12981 | Gauntlet | Found a transporter.
 13059 | Gauntlet | Slain by a soul eater

Illustrated notes

Levels and vault maps discovered:
D:1:      dpeg_arrival_tiny_k, layout_loops_ring, minmay_misc_feat_nine_boxes,
          minmay_lizard_king
D:2:      layout_basic, hellmonk_ecumenical_altar_blasted
D:3:      layout_basic
D:4:      layout_basic
D:5:      layout_basic, minmay_temple_entry_mist, uniq_ijyb
D:6:      layout_cave_pods, uniq_maggie
D:7:      layout_basic
D:8:      layout_loops_ring, uniq_maurice
D:9:      layout_layer_cave
D:10:     layout_basic, amcnicky_altar_gilded, serial_shops,
          nicolae_diamond_shop, st_stairs_10, evilmike_butchery
D:11:     layout_basic, erik_lair_island, orc_0_dummy, gauntlet_entry_generic,
          chequers_garden, minmay_misc_feat_ornament, grunt_decor_arrowhead,
          uniq_snorg
Gauntlet: gammafunk_gauntlet_hard_choice [gammafunk_gauntlet_arena_arrow_garden,
          nicolae_gauntlet_arena_quarters, gammafunk_gauntlet_arena_teeth,
          gammafunk_gauntlet_arena_split_x, gammafunk_gauntlet_arena_chambers,
          nicolae_gauntlet_arena_t_cross, dreamdust_gauntlet_exit_labyrinth]

Skill      XL: |  1  2  3  4  5  6  7  8  9 10 |
---------------+-------------------------------+-----
Invocations    | 3 4 5 6 7 9 10 | 10.2
Maces & Flails | 3 4 5 6 7 9 |  9.1
Fighting       | 4 5 6 7 8 9 |  9.8
Armour         | 2 4 5 |  5.5
Dodging        | |  0.7

Action                   |  1- 3 |  4- 6 |  7- 9 | 10-12 || total
-------------------------+-------+-------+-------+-------++-------
Melee: Mace              |    92 |   140 |   106 |       ||   338
       Punch             |     1 |     4 |     3 |       ||     8
       Tailslap          |     3 |    22 |    27 |    15 ||    67
       Unarmed           |       |     8 |       |       ||     8
       Short sword       |       |       |     6 |       ||     6
       Hand axe          |       |       |    19 |       ||    19
       Morningstar       |       |       |    93 |   130 ||   223
       Peck              |       |       |       |     7 ||     7
 Fire: Hunting sling     |       |       |       |     3 ||     3
Invok: Banish            |       |       |     2 |     1 ||     3
       Bend Space        |       |       |       |     1 ||     1
 Abil: Rolling Charge    |    10 |    23 |    24 |    18 ||    75
  Use: Scroll            |       |     7 |    10 |     3 ||    20
       Potion            |       |     2 |     1 |     4 ||     7
 Stab: Sleeping          |       |     1 |       |       ||     1
Armor: Leather armour    |    45 |    38 |    38 |       ||   121
       Skin              |       |    13 |       |       ||    13
       Ring mail         |       |       |    17 |       ||    17
       Acid dragon scale |       |       |    50 |    84 ||   134
Dodge: Dodged            |    49 |    69 |   127 |    95 ||   340

Table legend: (Time is in decaauts)
 A = Elapsed time spent in this place.
 B = Non-inter-level travel time spent in this place.
 C = Inter-level travel time spent in this place.
 D = Time resting spent in this place.
 E = Time spent auto-exploring this place.
 F = Levels seen in this place.
 G = Mean time per level.
                   A        B        C        D        E       F      G
               +--------+--------+--------+--------+--------+-----+--------+
         Total |  13161 |  12765 |    396 |   2517 |   8533 |  13 | 1012.4 |
       Dungeon |  13001 |  12605 |    396 |   2517 |   8533 |  11 | 1181.9 |
         Abyss |     33 |     33 |      0 |      0 |      0 |   1 |   33.0 |
      Gauntlet |    126 |    126 |      0 |      0 |      0 |   1 |  126.0 |
               +--------+--------+--------+--------+--------+-----+--------+

Top non-repeatable levels by time:
     D:4: 2371 daAuts
     D:9: 1728 daAuts
     D:8: 1600 daAuts
     D:6: 1377 daAuts
     D:2: 1195 daAuts
    D:10: 1184 daAuts
     D:7: 979 daAuts
     D:5: 887 daAuts
     D:3: 861 daAuts
     D:1: 780 daAuts
Gauntlet: 126 daAuts
    D:11: 34 daAuts
 Abyss:1: 33 daAuts
